 Dungeon Crawl Stone Soup version 0.26.0-45-g9c1d065592 (webtiles) character file.

Game seed: 14413156245253877122

253 Gauvater the Chopper (level 5, -1/49 HPs)
             Began as a Palentonga Fighter on Jan 28, 2021.
             Slain by a rat (3 damage)
             ... on level 3 of the Dungeon.
             The game lasted 00:11:16 (2856 turns).

Gauvater the Chopper (Palentonga Fighter)           Turns: 2856, Time: 00:11:16

Health: -1/49      AC:  6    Str: 20    XL:     5   Next: 90%
Magic:  5/5        EV:  6    Int:  8    God:
Gold:   124        SH:  9    Dex: 10    Spells: 4/4 levels left

rFire    . . .     SeeInvis +   a - +0 war axe
rCold    . . .     Faith    .   c - +0 kite shield
rNeg     . . .     Spirit   .   b - +0 scale mail
rPois    .         Reflect  .   (no helmet)
rElec    .         Harm     .   (no cloak)
rCorr    .         Rampage  .   (no gloves)
Will     .....                  (no barding)
Stlth    ..........             (no amulet)
HPRegen  0.16/turn              (no ring)
MPRegen  0.09/turn              (no ring)

@: very slow
A: large, rugged brown scales 3, see invisible, deformed body, roll 1, armoured
tail
a: Rolling Charge


You were on level 3 of the Dungeon.
You visited 1 branch of the dungeon, and saw 3 of its levels.

You collected 124 gold pieces.

Inventory:

Hand Weapons
 a - a +0 war axe (weapon)
 n - a +0 vorpal mace
Missiles
 g - 40 bolts
 l - 160 stones
 m - 64 sling bullets
Armour
 b - a +0 scale mail (worn)
 c - a +0 kite shield (worn)
Wands
 o - a wand of flame (17)
 p - a wand of polymorph (11)
Scrolls
 e - 2 scrolls of teleportation {unknown}
 f - a scroll of remove curse {unknown}
 h - 6 scrolls of identify {unknown}
 j - a scroll of fog {unknown}
 q - a scroll of enchant armour {unknown}
Potions
 d - 2 potions of might
 i - a potion of haste {unknown}
 k - a potion of mutation {unknown}


   Skills:
 + Level 3.7 Fighting
 + Level 3.8 Axes
 + Level 3.4 Armour
 + Level 1.0 Dodging
 + Level 0.1 Stealth
 + Level 3.2 Shields


You had 4 spell levels left.
You didn't know any spells.
Your spell library was empty.

Dungeon Overview and Level Annotations

Branches:
Dungeon (3/15)

Altars:
Okawaru
Ru
Uskayaw


Innate Abilities, Weirdness & Mutations

You are completely covered in rugged brown scales. (AC +3, +7% HP)
You have supernaturally acute eyesight. (SInv)
Armour fits poorly on your strangely shaped body.
You can roll at nearby foes to attack.
You have a long armoured tail.


Message History

The river rat is heavily wounded.
The river rat barely misses you.
You closely miss the river rat.
The river rat is heavily wounded.
The river rat bites you.
* * * LOW HITPOINT WARNING * * *
You block the river rat's attack.
You closely miss the river rat.
Your tail-slap misses the river rat.
The river rat is heavily wounded.
You block the river rat's attack.
You closely miss the river rat. You tail-slap the river rat.
You kill the river rat!
You barely miss the rat. You block the rat's attack.
You closely miss the rat. The rat bites you but does no damage.
You barely miss the rat. You tail-slap the rat.
You kill the rat!
You closely miss the rat.
The rat is moderately wounded.
The rat bites you.
You die...

##########
#.≈≈≈+≈≈≈#
#.≈≈≈#≈.≈#
#.≈≈≈#@≈≈#
#..≈≈r####
##.?≈≈≈≈≈≈#
#....≈..≈≈#
#......≈..#
#†$.......#
#..########
#..#
##########.##


You could see a rat.

Vanquished Creatures
  An orc wizard (D:3)
  A hound (D:2)
  3 river rats (D:3)
  6 adders
  An ooze (D:2)
  4 worms
  2 dart slugs (D:1)
  4 leopard geckos
  4 orcs (D:3)
  4 ball pythons
  5 giant cockroaches
  9 goblins
  9 hobgoblins
  2 jackals (D:1)
  8 kobolds
  3 quokkas
  7 bats
  5 frilled lizards
  9 rats
87 creatures vanquished.

Notes
Turn   | Place    | Note
-------+----------+-------------------------------------------
     0 | D:1      | Gauvater the Palentonga Fighter began the quest for the
                  | Orb.
     0 | D:1      | Reached XP level 1. HP: 20/20 MP: 1/1
   125 | D:1      | Reached XP level 2. HP: 26/27 MP: 2/2
   362 | D:1      | Reached XP level 3. HP: 31/33 MP: 3/3
   889 | D:2      | Reached XP level 4. HP: 27/40 MP: 4/4
  1542 | D:2      | Found an iron altar of Okawaru.
  2129 | D:3      | Reached XP level 5. HP: 48/48 MP: 5/5
  2140 | D:3      | Found a sacrificial altar of Ru.
  2249 | D:3      | Found a hide-covered altar of Uskayaw.
  2268 | D:3      | Reached skill level 1 in Dodging
  2815 | D:3      | HP: 1/49 [river rat (5)]
  2850 | D:3      | HP: 1/49 [river rat (5)]
  2856 | D:3      | Slain by a rat

Illustrated notes

Levels and vault maps discovered:
D:1:      heliophobic_arrival_battle_scene, layout_loops_ring,
          minmay_misc_feat_columns, hangedman_glass_teeth,
          wander_ebering_terrifying_dragon_lair
D:2:      layout_rooms, kennysheep_okawaru_gauntlet,
          hangedman_decor_clover_reticule
D:3:      layout_loops_ring, general_overflow_altar, portal_sewer_entry_e,
          minmay_misc_feat_pillars, hex_medium,
          nicolae_ru_great_annihilating_truth

Skill      XL: |  1  2  3  4  5 |
---------------+----------------+-----
Armour         | 3 |  3.4
Axes           | 3 |  3.8
Shields        | 3 |  3.2
Dodging        | 1 |  1.0
Fighting       | |  3.7
Stealth        | |  0.1

Action                   |  1- 3 |  4- 6 || total
-------------------------+-------+-------++-------
Melee: War axe           |    91 |   177 ||   268
       Tailslap          |     8 |    25 ||    33
 Abil: Rolling Charge    |     8 |    14 ||    22
 Stab: Paralysed         |       |     1 ||     1
Armor: Scale mail        |    59 |    86 ||   145
Dodge: Dodged            |    29 |    51 ||    80
Block: Kite shield       |    55 |   116 ||   171
